 Dungeon Crawl Stone Soup version 0.29-a0-11-ga75d3d97ab (webtiles) character file.

Game seed: 17221429265087635384

1257 soggyman666 the Chopper (level 8, -7/70 HPs)
             Began as a Minotaur Monk on Jan 29, 2022.
             Killed by divine providence
             ... invoked by an orc priest
              (10 damage)
             ... on level 5 of the Dungeon.
             The game lasted 00:09:24 (5365 turns).

soggyman666 the Chopper (Minotaur Monk)             Turns: 5365, Time: 00:09:25

Health: -7/70      AC:  7    Str: 17    XL:     8   Next: 27%
Magic:  0/7        EV: 12    Int:  7    God:
Gold:   266        SH:  0    Dex: 14    Spells: 7/7 levels left

rFire   . . .      SeeInvis .   a - +1 hand axe
rCold   . . .      Faith    .   (no shield)
rNeg    . . .      Spirit   +   h - +1 ring mail
rPois   .          Reflect  .   (helmet restricted)
rElec   .          Harm     .   (no cloak)
rCorr   .          Rampage  .   (no gloves)
Will    .....                   (no boots)
Stlth   ++........              k - amulet of guardian spirit
HPRegen 0.21/turn               (no ring)
MPRegen 0.10/turn               (no ring)

@: no status effects
A: horns 2, retaliatory headbutt
a: no special abilities


You were on level 5 of the Dungeon.
You visited 1 branch of the dungeon, and saw 5 of its levels.

You collected 266 gold pieces.

Inventory:

Hand Weapons
 a - a +1 hand axe (weapon)
Missiles
 c - 107 stones (quivered)
 e - 8 bolts
 j - a throwing net
Armour
 h - a +1 ring mail (worn)
Jewellery
 k - an amulet of guardian spirit (around neck)
Scrolls
 f - a scroll of enchant weapon
 i - a scroll of enchant armour
Potions
 d - a potion of curing
 g - a potion of invisibility


   Skills:
 + Level 5.7 Fighting
 + Level 7.8 Axes
 * Level 6.8 Armour
 + Level 4.7 Dodging
 + Level 3.0 Stealth


You had 7 spell levels left.
You didn't know any spells.
Your spell library contained the following spells:

 Spells                   Type           Power      Damage    Failure   Level
 Freeze                   Ice            0%         1d3       61%         1
 Sandblast                Erth           0%         2d4       61%         1
 Passwall                 Tmut/Erth      0%         N/A       75%         2
 Frozen Ramparts          Ice            0%         1d2       93%         3
 Stone Arrow              Conj/Erth      0%         3d7       93%         3
 Hailstorm                Conj/Ice       0%         3d3       100%        4


Dungeon Overview and Level Annotations

Branches:
Dungeon (5/15)
 Temple: D:4-7

Altars:
Ashenzari

Shops:
D:1 (:(![


Innate Abilities, Weirdness & Mutations

You have a pair of horns on your head.
You reflexively headbutt those who attack you in melee.


Message History

You closely miss the orc wizard. You barely miss the gnoll.
The gnoll barely misses you.
The orc wizard hits you but does no damage.
You hit the orc wizard.
You punch the orc wizard, but do no damage.
The orc wizard is moderately wounded.
You barely miss the gnoll.
The gnoll hits you from afar with a +0 spear.
The gnoll hits you with a +0 flail. The gnoll barely misses you.
You barely miss the orc wizard.
The orc wizard is moderately wounded.
You closely miss the gnoll. The orc wizard barely misses you.
The gnoll closely misses you.
The orc priest calls down the wrath of Beogh upon you.
Beogh smites you!
* * * LOW HITPOINT WARNING * * *
The gnoll completely misses you. The gnoll barely misses you.
Okay, then.
Okay, then.
The orc priest calls down the wrath of Beogh upon you.
Beogh smites you!
* * * LOW HITPOINT WARNING * * *
An orc comes into view. It is wielding a +0 club.
Found an escape hatch in the floor.
The orc wizard gestures at you while chanting.
You resist with some effort.
The orc shouts!
The orc hits you but does no damage.
The orc wizard points at you and mumbles some strange words.
The puff of flame hits you.
* * * LOW HITPOINT WARNING * * *
You hit the orc but do no damage. You headbutt the orc!
You kill the orc!
You see here a +0 club.
The orc wizard casts a spell at you. The magic dart hits you.
* * * LOW HITPOINT WARNING * * *
The orc priest calls down the wrath of Beogh upon you.
Beogh smites you!
You die...

#.# ..### #.# #..
##..#. #.# #.# ...g.
#<# #.# #g... #.# #.#
#)### #.# #.# #g# #.#
#####.# #g#
######.#####.og#>#
#.#
#.......@..o###..#
#.# #.####.###.##
##)# ##.## #.#
#......# #.###.#.##
#.# #.#.##.##
##...o###.. #.#
#.#.###.###...##.#.##
#.# #.#.#
##......#.#.#.#
#[###.#.#
##............
#.##.#..#
###...#.....#
#.#.###.# #..........


You could see an orc priest, an orc wizard and a gnoll.

Vanquished Creatures
  Menkaure (D:4)
  A black bear (D:5)
  A centaur (D:4)
  2 ogres
  A phantom (D:3)
  A bullfrog (D:4)
  3 scorpions
  A water moccasin zombie (D:5)
  4 hounds
  2 orc priests
  A scorpion zombie (D:5)
  2 orc wizards
  3 hound skeletons
  4 adders
  A gnoll (D:5)
  An ufetubus (D:5)
  A worm (D:4)
  3 dart slugs
  10 orcs
  7 bats
  7 endoplasms
  7 giant cockroaches
  4 goblins
  6 hobgoblins
  5 quokkas
  4 ball pythons
  4 frilled lizards
  12 kobolds
  2 rats
101 creatures vanquished.

Notes
Turn   | Place    | Note
-------+----------+-------------------------------------------
     0 | D:1      | soggyman666 the Minotaur Monk began the quest for the Orb.
     0 | D:1      | Reached XP level 1. HP: 19/19 MP: 0/0
   336 | D:1      | Found Juenid's Antique Weapon Emporium.
   570 | D:1      | Found Jypnul's Armour Boutique.
   579 | D:1      | Reached XP level 2. HP: 21/27 MP: 1/1
   839 | D:1      | Found Mentub's Distillery.
   902 | D:1      | Reached skill level 4 in Axes
   903 | D:1      | Found Sauth's Book Boutique.
   921 | D:1      | Found Impa's Weapon Emporium.
   985 | D:1      | Found a faded altar of an unknown god.
  1716 | D:2      | Reached XP level 3. HP: 30/33 MP: 2/2
  2312 | D:3      | Reached skill level 1 in Armour
  2428 | D:3      | Noticed a scorpion
  2441 | D:3      | Killed a scorpion
  2442 | D:3      | Reached XP level 4. HP: 20/41 MP: 3/3
  2708 | D:3      | Noticed a phantom
  2720 | D:3      | Killed a phantom
  2721 | D:3      | Reached skill level 5 in Axes
  2721 | D:3      | Reached XP level 5. HP: 47/47 MP: 4/4
  3138 | D:4      | Reached XP level 6. HP: 44/53 MP: 5/5
  3691 | D:4      | Noticed Menkaure
  3698 | D:4      | Killed Menkaure
  3699 | D:4      | Reached skill level 6 in Axes
  3864 | D:4      | Reached skill level 5 in Fighting
  3864 | D:4      | Reached XP level 7. HP: 27/61 MP: 6/6
  3867 | D:4      | Reached skill level 5 in Armour
  4371 | D:5      | Entered Level 5 of the Dungeon
  4383 | D:5      | Reached skill level 7 in Axes
  4933 | D:5      | Found a broken altar of Ashenzari.
  5026 | D:5      | Reached XP level 8. HP: 69/69 MP: 7/7
  5360 | D:5      | HP: 2/70 [orc wizard/magic dart (3)]
  5365 | D:5      | Killed from afar by an orc priest

Illustrated notes

Levels and vault maps discovered:
D:1:      psy_arrival_radial02, layout_loops_cross,
          shapermc_ecumenical_altar_hornbeckon, serial_shops,
          nicolae_shop_temple_entry_statues_fountains, nicolae_shop_statue_plus,
          shop, shop, shop, amcnicky_mini_corridor_feature
D:2:      layout_loops_cross
D:3:      layout_basic
D:4:      layout_rooms, minmay_divided_ellipse, uniq_menkaure
D:5:      layout_loops_ring, gammafunk_temple_overflow_claw,
          ashenzari_conservatory_becter, kennysheep_generic_room_6

Skill      XL: |  1  2  3  4  5  6  7  8 |
---------------+-------------------------+-----
Fighting       | 4 5 |  5.7
Axes           | 4 5 6 7 |  7.8
Armour         | 1 2 3 4 6 |  6.8
Stealth        | 2 3 |  3.0
Dodging        | 4 |  4.7

Action                   |  1- 3 |  4- 6 |  7- 9 || total
-------------------------+-------+-------+-------++-------
Melee: Hand axe          |   106 |    76 |    91 ||   273
       Headbutt          |    16 |    11 |    25 ||    52
       Punch             |       |       |     1 ||     1
  Use: Scroll            |     4 |     1 |     3 ||     8
 Stab: Sleeping          |     6 |       |     2 ||     8
Armor: Robe              |     7 |       |       ||     7
       Leather armour    |    11 |       |       ||    11
       Ring mail         |    18 |    29 |    41 ||    88
Dodge: Dodged            |    66 |    44 |    71 ||   181

Table legend: (Time is in decaauts)
 A = Elapsed time spent in this place.
 B = Non-inter-level travel time spent in this place.
 C = Inter-level travel time spent in this place.
 D = Time resting spent in this place.
 E = Time spent auto-exploring this place.
 F = Levels seen in this place.
 G = Mean time per level.
                   A        B        C        D        E       F      G
               +--------+--------+--------+--------+--------+-----+--------+
         Total |   5375 |   5084 |    291 |    658 |   3709 |   5 | 1075.0 |
       Dungeon |   5375 |   5084 |    291 |    658 |   3709 |   5 | 1075.0 |
               +--------+--------+--------+--------+--------+-----+--------+

Top non-repeatable levels by time:
     D:1: 1605 daAuts
     D:4: 1303 daAuts
     D:5: 988 daAuts
     D:3: 789 daAuts
     D:2: 688 daAuts
